[Event "Early-Titled-Tuesday-Blitz-December-26-2023"]
[Site "Chess.com"]
[Date "2023.12.26"]
[Round "11"]
[White "Mikhail_Golubev"]
[Black "suyu28"]
[Result "0-1"]
[WhiteElo "2629"]
[BlackElo "2787"]
[TimeControl "180+1"]
[EndTime "10:06:29 PST"]
[Termination "suyu28 won on time"]

1. e4 c5 2. Nf3 d6 3. d4 cxd4 4. Nxd4 Nf6 5. Nc3 a6 6. Bc4 e6 7.
Bb3 Nc6 8. Be3 Na5 9. f4 b5 10. e5 Nd7 11. Bxe6 dxe5 12. fxe5 Nxe5 13. Qh5 Nac4 14.
O-O g6 15. Bxf7+ Nxf7 16. Qf3 Nfe5 17. Qxa8 Nxe3 18. Qe4 Nc4 19. Nd5 Bb7 20. Ne6 Bxd5 21. Qxd5 Qxd5 22. Nc7+ Kd7 23. Nxd5 Bc5+ 24. Kh1 Rf8 25.
Rxf8 Bxf8 26. b3 Nd6 27. Rf1 Bg7 28. Nf6+ Bxf6 29. Rxf6 Ke7 30. Rf1 b4 31. Kg1 a5 32.
Re1 Ke6 33. Kf2 Nb5 34. Ke3 Nc3 35. Kd2 Nxa2 36. Ra1 Nc3 37. Rxa5 h5 38. Ra6+ Kf5 39. Rb6 Nd5 40. Rb5 Ke4 41. Ra5 h4 42. Ke2 Nf4+ 43.
Kf2 Ng4+ 44. Kg1 Ne3 45. Ra4 Nfd5 46. c4 Nc3 47. Rxb4 g5 48. Rb8 g4 49. Re8+ Kd3 50.
Rd8+ Ke2 51. c5 Ke1 52. c6 Ne2+ 53. Kh1 g3 54. Rf8 Ng4 55. c7 Nf2+ 0-1

[Event "Early-Titled-Tuesday-Blitz-December-26-2023"]
[Site "Chess.com"]
[Date "2023.12.26"]
[Round "11"]
[White "PabloZarnicki"]
[Black "severomorskij"]
[Result "0-1"]
[WhiteElo "2648"]
[BlackElo "2879"]
[TimeControl "180+1"]
[EndTime "10:06:33 PST"]
[Termination "severomorskij won on time"]

1. e4 c5 2. Nf3 Nc6 3. Bb5 e6 4. O-O Nge7 5. Re1 Nd4 6. Nxd4 cxd4 7. c3 a6 8. Bf1 Nc6 9. Na3 Bc5 10. b4 Ba7 11. Bb2 b5 12. Nc2 dxc3 13. Bxc3 O-O 14.
a4 bxa4 15. Rxa4 Bb7 16. Qg4 f6 17. Ne3 Ne5 18. Qh4 Ng6 19. Qg4 Qc7 20. Raa1 Bb8 21. g3 Ne5 22. Bxe5 Qxe5 23. Nc4 Qd4 24. Na5 f5 25.
Qh4 Bxe4 26. d3 Ba7 27. Ra2 Bd5 28. Qxd4 Bxd4 29. Nc4 Rfb8 30. Bg2 Bxg2 31. Kxg2 Rxb4 32. Ree2 Rb5 33. Rec2 a5 34. Nd2 Rc5 35. Nf3 Rxc2 36. Rxc2 Bf6 37. Nd2 a4 38. Nc4 a3 39. Ra2 Be7 40.
Nb6 Ra6 41. Nxd7 Kf7 42. Ne5+ Kf6 43. Nc4 g5 44. f4 g4 45. h3 h5 46. hxg4 hxg4 47. Kf2 Bc5+ 48. Ke2 Ra8 49. d4 Be7 50. Kd3 Rh8 51. Ne5 Rh3 52. Kc4 Rxg3 53. Nd7+ Kg7 54.
Ne5 Bd6 55. Nd3 Rf3 56. Ra1 g3 57. Rb1 Kf6 58. Rb6 g2 59. Rxd6 Rxd3 0-1

[Event "Early-Titled-Tuesday-Blitz-December-26-2023"]
[Site "Chess.com"]
[Date "2023.12.26"]
[Round "11"]
[White "Dinosaurio_1975"]
[Black "MetiForce"]
[Result "1/2-1/2"]
[WhiteElo "2648"]
[BlackElo "2879"]
[TimeControl "180+1"]
[EndTime "10:06:38 PST"]
[Termination "Game drawn - insufficient material"]

1. e4 b6 2. d4 Bb7 3. Bd3 e6 4.
Qe2 c5 5. c3 cxd4 6. cxd4 Nc6 7. Nf3 Bb4+ 8. Bd2 Nge7 9. O-O O-O 10. a3 Bxd2 11. Nbxd2 d5 12. e5 h6 13. b4 Rc8 14.
Rfc1 Nb8 15. b5 Qd7 16. Ne1 Rxc1 17. Rxc1 Rc8 18. Qd1 Qd8 19. Rc2 Nd7 20. a4 Nf8 21. h4 Neg6 22. g3 Ne7 23. Rxc8 Qxc8 24. Qc2 Qd8 25. Ng2 f5 26. exf6 gxf6 27. Nf3 Qd6 28. a5 e5 29. dxe5 fxe5 30. a6 Bc8 31. Ne3 e4 32. Bxe4 dxe4 33. Qxe4 Bd7 34. Qb7 Nc8 35.
Nd5 Kh8 36. Nf4 Bg4 37. Nh2 Bh3 38. Nxh3 Qc5 39. Kg2 Nd6 40. Qc6 Nxb5 41. Qxc5 bxc5 42.
Nf3 Nc7 43. Nf4 Nxa6 44. Nd3 Ne6 45. Nfe5 Nb4 46. f3 a5 47. Kf2 a4 48. Nc1 a3 49. Nc4 a2 50. Nxa2 Nxa2 51. Ne3 Nd4 52. f4 Nc3 53. g4 Ne4+ 54. Kg2 Kg7 55. h5 Kf6 56. Kh3 Ne2 57. g5+ hxg5 58. fxg5+ Kxg5 59. Kg2 Nd4 60. Kf1 Kxh5 61. Ke1 Kg5 62. Kd1 Kf4 63. Nd5+ Ke5 64. Nb6 Kd6 65. Nc8+ Kc6 66. Ne7+ Kb5 67. Nd5 c4 68. Kc1 Ka4 69. Ne3 c3 70. Nd5 Nb3+ 71.
Kc2 Na1+ 72. Kc1 Nb3+ 73. Kc2 Nd4+ 74. Kc1 c2 75. Ne3 Kb3 76. Nxc2 Nxc2 1/2-1/2

[Event "Early-Titled-Tuesday-Blitz-December-26-2023"]
[Site "Chess.com"]
[Date "2023.12.26"]
[Round "11"]
[White "Kirill_Klukin"]
[Black "Aradhya2000"]
[Result "0-1"]
[WhiteElo "2815"]
[BlackElo "2738"]
[TimeControl "180+1"]
[EndTime "10:06:38 PST"]
[Termination "Aradhya2000 won by resignation"]

1. e4 e5 2. Nf3 Nc6 3. Bc4 Bc5 4. b4 Bxb4 5. c3 Be7 6. d4 Na5 7. Be2 d6 8. O-O Nf6 9. Qc2 Nc6 10. Rd1 exd4 11. cxd4 O-O 12. Nc3 Bg4 13. Rb1 Rb8 14. Be3 Bh5 15. Rbc1 Bg6 16. Nh4 Bxe4 17. Nxe4 Nxe4 18.
d5 Bxh4 19. dxc6 Qe8 20. Bd3 d5 21. cxb7 Rxb7 22. Ba6 Rb4 23. Qxc7 Ra4 24. Bb7 Rxa2 25. g3 Bg5 26. Bxd5 Bxe3 27. Bxa2 Nxf2 28. Kf1 Nxd1 29. Rxd1 Qb5+ 30. Bc4 Qf5+ 31. Ke2 Qf2+ 32. Kd3 Qf3 33. Kc2 Qf2+ 34. Kb3 Bb6 35. Qd7 g6 36. Rd2 Qe3+ 37.
Qd3 Qxd3+ 38. Rxd3 Rd8 39. Rf3 Rd7 40. Bb5 Rc7 41.
Bc4 Kg7 42. g4 Re7 43. h3 Bd4 44. Bd5 Re3+ 45. Rxe3 Bxe3 46. Kc4 f5 47. gxf5 gxf5 48.
Kd3 Bb6 49. Be6 Kf6 50. Bd7 Ke5 51. Ke2 Ke4 52. Bc6+ Kf4 53. Bd7 a5 54. Kd3 h5 55.
Ke2 h4 56. Kd3 Ke5 57. Bc6 Bc7 58. Bd7 Bb6 59. Bc8 Kf4 60. Bd7 Ba7 61. Ke2 Ke4 62. Kd2 f4 63. Bc6+ Kd4 64. Ke2 Bb8 65. Kf3 Kc5 66.
Be8 Kb4 67. Kg4 a4 68. Bxa4 Kxa4 69. Kxh4 f3 70. Kg4 f2 0-1

[Event "Early-Titled-Tuesday-Blitz-December-26-2023"]
[Site "Chess.com"]
[Date "2023.12.26"]
[Round "11"]
[White "Korchmar_Vasiliy"]
[Black "CSB7"]
[Result "1-0"]
[WhiteElo "2790"]
[BlackElo "2676"]
[TimeControl "180+1"]
[EndTime "10:06:42 PST"]
[Termination "Korchmar_Vasiliy won by resignation"]

1. e4 d6 2. d4 Nf6 3. Nc3 e5 4.
Nf3 Nbd7 5. Rg1 g6 6. g4 Bg7 7. g5 Nh5 8. Be3 O-O 9. Qd2 f5 10. exf5 Rxf5 11. Nh4 Rf8 12. O-O-O exd4 13. Bxd4 Ne5 14.
Be3 Be6 15. b3 Ng4 16. Bd4 Bxd4 17. Qxd4 Qxg5+ 18. Kb1 Rf4 19. Nf3 Rxd4 20. Nxg5 Rxd1+ 21. Nxd1 Bf5 22. Bh3 Nh6 23. Bg2 c6 24. Ne3 d5 25.
Bf3 Nf6 26. h4 Re8 27. h5 Kf8 28. Rh1 Kg7 29. Rg1 Kf8 30. Kb2 Nf7 31. Nxh7+ Nxh7 32. hxg6 Bxg6 33. Rxg6 Nh8 34. Rd6 Nf7 35. Rg6 Ne5 36.
Rh6 Kg7 37. Rh3 Rf8 38. Rg3+ Kh8 39. Bg4 Rxf2 40. Bc8 Rf7 41. Nf5 Nf6 42. Rh3+ Kg8 43. Be6 Kf8 44. Rh8+ Ng8 45. Nh6 Kg7 46. Rxg8+ Kxh6 47. Bxf7 Nxf7 48. Rb8 Nd6 49. Rd8 Ne4 50. Rd7 b5 51. Rxa7 Kg6 52. Rc7 c5 53. a3 Kf6 54.
Rb7 b4 55. axb4 cxb4 56. Rxb4 Ke6 57. Rb6+ Kd7 58. Rh6 Kc7 59. c3 Kb7 60. Kc2 Nc5 61.
b4 Na4 62. Kd3 Kc7 63. Kd4 Kd7 64. Rh7+ Kc6 65. Rh6+ Kc7 66. Ra6 1-0

[Event "Early-Titled-Tuesday-Blitz-December-26-2023"]
[Site "Chess.com"]
[Date "2023.12.26"]
[Round "11"]
[White "ValentunHulka"]
[Black "sergoy"]
[Result "0-1"]
[WhiteElo "2761"]
[BlackElo "2944"]
[TimeControl "180+1"]
[EndTime "10:06:49 PST"]
[Termination "sergoy won by resignation"]

1. d4 Nh6 2. Bxh6 gxh6 3. g3 d5 4. Bg2 c6 5. c4 dxc4 6. Nf3 Bg7 7. a4 Nd7 8. Nbd2 e5 9. Nxc4 exd4 10. Nd6+ Kf8 11. Qb3 Qe7 12. Nf5 Nc5 13. Nxe7 Nxb3 14. Ra3 Be6 15. Nf5 Bxf5 16. Rxb3 Rb8 17. O-O Ke7 18. e3 Bc2 19. Ra3 d3 20. Ne1 Rhd8 21. Be4 Bxb2 22. Ra2 Bb3 23. Rxb2 d2 24. Bf3 dxe1=Q 25. Rxe1 Bxa4 26. Ra1 Bb5 27. Rxa7 Rd7 28. h4 f5 29. Rb4 Rbd8 30. Rf4 Bd3 31. Ra5 Rd6 32. e4 fxe4 33. Bxe4 Bxe4 34. Rxe4+ Re6 35. Rf4 b5 36. Kg2 Rd7 37. Ra8 Rb7 38. Rh8 Kd6 39. Kf3 b4 40. Rd8+ Kc5 41. Rd2 b3 42. Rb2 Rd6 43.
Ke3 Rd5 44. Ke2 Rb4 45. Rf6 Kb5 46. Rxh6 c5 47. Rxh7 c4 48. Rb7+ Kc5 49. Rc7+ Kb6 50. Rc8 Rc5 51. Rb8+ Ka5 52. Ra8+ Kb5 53. Rb8+ Ka4 54.
Ra8+ Ra5 55. Rc8 Ka3 56. Rb1 b2 57. Kd2 Ka2 58. Kc2 Ra3 59. h5 c3 60. h6 Rd4 61. Rxc3 Rxc3+ 62. Kxc3 Kxb1 63. Kxd4 Kc1 64. h7 b1=Q 65. Ke3 Qxh7 0-1

[Event "Early-Titled-Tuesday-Blitz-December-26-2023"]
[Site "Chess.com"]
[Date "2023.12.26"]
[Round "11"]
[White "chessdiamant"]
[Black "BardArtem"]
[Result "0-1"]
[WhiteElo "2578"]
[BlackElo "2688"]
[TimeControl "180+1"]
[EndTime "10:07:00 PST"]
[Termination "BardArtem won by checkmate"]

1. e4 e5 2. Nc3 Nc6 3. g3 Nf6 4. Bg2 Bc5 5. Nge2 d6 6. O-O Nd4 7. Nxd4 Bxd4 8. Ne2 Bb6 9. d4 Qe7 10. a4 a5 11. Be3 Ng4 12. Nc3 Nxe3 13. fxe3 c6 14. Qd3 Be6 15. Ne2 O-O 16. d5 cxd5 17. exd5 Bd7 18. Kh1 Rac8 19. c4 f5 20. e4 f4 21.
gxf4 exf4 22. Nxf4 Qe5 23. Ne6 Bxe6 24. dxe6 Qxe6 25. Bh3 Qe5 26. Bxc8 Rxc8 27. Qd5+ Qxd5 28. cxd5 Re8 29. Rae1 Bd4 30. b3 g6 31. Kg2 Kg7 32. Kf3 Re5 33. Rc1 Bc5 34. Rxc5 dxc5 35. Kf4 Re8 36. e5 Rf8+ 37. Ke4 Rxf1 38. d6 Rd1 39. Kf4 Kf7 40. h4 Ke6 41. Kg5 Kxe5 42. Kh6 Rxd6 43.
Kxh7 Kf5 44. b4 cxb4 45. Kh6 Kg4 46. h5 gxh5+ 47. Kg7 h4 48. Kf7 h3 49. Ke7 Rd3 50. Ke6 Kf3 51. Ke5 Ke3 52. Kf5 h2 53. Kg4 b3 54. Kf5 Kf3 55. Ke5 b2 56. Kf5 b1=Q 57. Ke5 h1=R 58. Kf5 b5 59. Ke5 bxa4 60. Kf5 a3 61.
Ke5 a2 62. Kf5 a1=R 63. Ke5 a4 64. Kf5 a3 65. Ke5 Ra2 66. Kf5 Rb2 67. Ke5 a2 68. Kf5 Qe1 69. Kf6 Qe6+ 70. Kxe6 a1=R 71. Kf6 Rhc1 72.
Kf5 Rd6 73. Ke5 Rcc6 74. Kf5 Rcb6 75. Ke5 Rc2 76. Kf5 Rcd2 77. Kg5 Rc1 78. Kh4 Rc3 79.
Kg5 R2d4 80. Kh5 Rbc6 81. Kg5 Rg4+ 82. Kh5 Rf4 83. Kg5 Rc1 84. Kh5 Rh1+ 85. Kg5 Rg1+ 86.
Kh5 Rf1 87. Kg5 Rg6+ 88. Kh5 Rh6+ 89. Kg5 Rg1# 0-1

[Event "Early-Titled-Tuesday-Blitz-December-26-2023"]
[Site "Chess.com"]
[Date "2023.12.26"]
[Round "11"]
[White "Lady_Nika"]
[Black "DvaHrasta"]
[Result "0-1"]
[WhiteElo "2585"]
[BlackElo "2494"]
[TimeControl "180+1"]
[EndTime "10:07:04 PST"]
[Termination "DvaHrasta won by checkmate"]

1. d4 Nf6 2. e3 e6 3. f4 b6 4. Nf3 Bb7 5. c3 c5 6. Bd3 d5 7.
Nbd2 a6 8. O-O Ne4 9. Ne5 Nd7 10. Qf3 Nd6 11. b3 Be7 12. Bb2 Qc7 13. Qh3 O-O-O 14. c4 f6 15. Nxd7 Qxd7 16. dxc5 bxc5 17. cxd5 exd5 18.
f5 Kb8 19. Rfc1 Rc8 20. a4 Nf7 21. Rc2 Bd6 22. Rac1 Qe7 23. Nf1 Ng5 24. Qh4 h5 25. Ba3 Ka8 26. Qe1 h4 27. Qa5 Rc6 28. Bxc5 Rhc8 29.
Bxd6 Qxd6 30. Rxc6 Rxc6 31. Rxc6 Qxc6 32. Bb5 Qd6 33. h3 d4 34. exd4 Qxd4+ 35. Kh2 Qf4+ 36. Kg1 Qxf5 37. Qd8+ Qc8 38. Qxc8+ Bxc8 39. Bc6+ Ka7 40. Ne3 Kb6 41. Bd5 Kc5 42. Kf2 a5 43. Bc4 Kd4 44.
Nd5 Bb7 45. Ne7 Ne4+ 46. Kg1 Nd6 47. Bg8 g5 48. Ng6 Kc3 49. Nf8 Be4 50. Nd7 f5 51.
Nc5 Bc2 52. Kf2 Kb4 53. Na6+ Ka3 54. Nc5 Ne4+ 55. Nxe4 Bxe4 56. Ke3 Bc2 57. Kd4 Bxb3 58. Bh7 Bc2 59. Ke5 Kxa4 60. Kf6 Kb4 61. Kxg5 a4 62. Kxh4 a3 63. Bg8 Bb3 64. Bxb3 Kxb3 65. g4 fxg4 66. hxg4 a2 67. g5 a1=Q 68. Kh5 Qg7 69. g6 Kc4 70. Kg5 Kd5 71. Kh5 Ke5 72. Kg5 Ke6 73. Kh5 Kf5 74.
Kh4 Qxg6 75. Kh3 Qg1 76. Kh4 Qg4# 0-1

[Event "Early-Titled-Tuesday-Blitz-December-26-2023"]
[Site "Chess.com"]
[Date "2023.12.26"]
[Round "11"]
[White "zverr1"]
[Black "sokidze"]
[Result "1/2-1/2"]
[WhiteElo "2514"]
[BlackElo "2752"]
[TimeControl "180+1"]
[EndTime "10:07:08 PST"]
[Termination "Game drawn by repetition"]

1. e4 c5 2. Nf3 Nc6 3. d4 cxd4 4.
Nxd4 g6 5. c4 Nf6 6. Nc3 d6 7.
Be2 Nxd4 8. Qxd4 Bg7 9. Be3 O-O 10. Qd2 a5 11. f3 a4 12. Rc1 Qa5 13. O-O Be6 14.
Nd5 Qxd2 15. Nxe7+ Kh8 16. Bxd2 Rfe8 17. Nd5 Nxd5 18. cxd5 Bxd5 19. Bb5 Re5 20. Bc3 Bxa2 21. Bxe5 Bxe5 22. Rc2 Bb3 23. Rd2 Ra5 24. Be8 Bf4 25.
Rd3 Bc4 26. Ra3 b5 27. Rd1 Be5 28. Rd2 Kg7 29. g3 g5 30. Kf2 Bb3 31. Bc6 b4 32. Rxb3 axb3 33. Bd5 Ra2 34. Bxb3 Rxb2 35. Rxb2 Bxb2 36.
f4 gxf4 37. gxf4 Kg6 38. Kf3 h6 39. Bc2 Kf6 40. Bb3 Kg7 41. h3 Kg6 42. Bc2 Kf6 43. Bb3 Kg7 44. Ke3 Bc1+ 45. Kf3 h5 46. Kg3 f6 47. Kf3 Kg6 48. Bc2 Kf7 49. Bb3+ Ke7 50. f5 Bg5 51. Ke2 Kd7 52. Kd3 Kc6 53. Kc4 Bd2 54.
Ba4+ Kb6 55. Bd1 Kc6 56. Bxh5 Bc3 57. Bd1 Kd7 58. Ba4+ Ke7 59. Kd3 Kf7 60. Kc4 Kg7 61. h4 Kh6 62. Bd1 Be1 63. Kb3 Kg7 64. Kc4 Kh6 65.
Kb3 Bxh4 66. Kxb4 Kg5 67. Kc4 Kf4 68. Bc2 Ke5 69. Kd3 Bg3 70. Ke3 Bf4+ 71. Kf3 Bh2 72. Bb3 Bf4 73. Bd5 Bh2 74. Bc6 Bf4 75. Bd5 Bh2 76. Bc6 Bf4 77. Bd5 1/2-1/2

[Event "Early-Titled-Tuesday-Blitz-December-26-2023"]
[Site "Chess.com"]
[Date "2023.12.26"]
[Round "11"]
[White "Kimster98"]
[Black "slidingknight2775"]
[Result "0-1"]
[WhiteElo "2571"]
[BlackElo "2696"]
[TimeControl "180+1"]
[EndTime "10:07:17 PST"]
[Termination "slidingknight2775 won by resignation"]

1. d4 d5 2. Bf4 Nf6 3. e3 e6 4. Nf3 c5 5. Nbd2 Nc6 6. c3 Nh5 7. Bg5 f6 8. Bh4 cxd4 9. exd4 g6 10. Nb3 Bd6 11. Bd3 O-O 12. O-O Nf4 13. Bg3 Qc7 14. Re1 Nxd3 15. Qxd3 Bd7 16. Nc5 Bxg3 17. hxg3 Rae8 18. Re3 Bc8 19. Rae1 Qf7 20. Qe2 e5 21. dxe5 fxe5 22. Qd2 b6 23. Nb3 e4 24. Nbd4 Na5 25.
Nh2 Nc4 26. Qe2 Nxe3 27. Qxe3 Ba6 28. Ng4 Qg7 29. a4 h5 30. Nh2 Bc4 31. Ra1 a5 32.
Rb1 Ba2 33. Ra1 Bc4 34. b3 Bd3 35. Rc1 Rf6 36. g4 Ref8 37. f3 Ba6 38. Rc2 exf3 39. Ndxf3 Qc7 40. gxh5 gxh5 41. Qg5+ Qg7 42. Qxd5+ Kh8 43.
Qxh5+ Rh6 44. Qe5 Rhf6 45. Qh5+ Rh6 46. Qe5 Bb7 47. Qxg7+ Kxg7 48. Rd2 Rhf6 49. Rd7+ R8f7 50. Rd4 Rc7 51. c4 Rg6 52. Kf2 Rf7 53. Rd3 Be4 54. Re3 Bxf3 55. Nxf3 Rgf6 56. Ke2 Rd7 57. Nd2 Rfd6 58. Nf3 Kg8 59. Ne5 Rd8 60. Nd3 Kg7 61.
Rg3+ Kf6 62. Rf3+ Ke7 63. Re3+ Kd7 64. Ne5+ Ke8 65. c5 Re6 66. cxb6 Rb8 67. Nc4 Rxe3+ 68. Kxe3 Kd7 69. Kd4 Kc6 70. b7 Kxb7 71. Kc5 Rg8 72. Nxa5+ Ka6 73. Nc6 Rxg2 74. Nb4+ Kb7 75. Nc6 Rg5+ 76.
Kd6 Rg6+ 77. Kd5 Rxc6 78. b4 Rc1 79. Kd4 Ra1 80. Kd3 Rxa4 81. Kc4 Ra8 82. Kb5 Ra6 83. Kc5 Rb6 84. b5 Kc7 85. Kb4 Rb8 86. Kc5 Kb7 87.
Kc4 Kb6 88. Kb4 Rd8 89. Kc4 Rc8+ 90. Kd5 Rc5+ 0-1